 Dungeon Crawl Stone Soup version 0.28.0-43-g3370ac3207 (webtiles) character file.

Game seed: 15978707347455673906

98 pkoi the Insei (level 4, -1/38 HPs)
             Began as a Draconian Monk on Mar 11, 2022.
             Slain by an orc wizard
             ... wielding a +0 dagger
              (2 damage)
             ... on level 3 of the Dungeon.
             The game lasted 00:04:08 (3188 turns).

pkoi the Insei (Draconian Monk)                     Turns: 3188, Time: 00:04:08

Health: -1/38      AC:  6    Str: 13    XL:     4   Next: 44%
Magic:  4/4        EV: 12    Int: 13    God:
Gold:   49         SH:  0    Dex: 13    Spells: 3/3 levels left

rFire   . . .      SeeInvis .     - Unarmed
rCold   . . .      Faith    .   (no shield)
rNeg    . . .      Spirit   .   (armour unavailable)
rPois   .          Reflect  .   (helmet restricted)
rElec   .          Harm     .   (no cloak)
rCorr   .          Rampage  .   (no gloves)
Will    .....                   i - +0 pair of boots
Stlth   ++........              (no amulet)
HPRegen 0.12/turn               (no ring)
MPRegen 0.09/turn               (no ring)

@: brilliant
A: AC +5, unfitting armour, cold-blooded
a: no special abilities


You were on level 3 of the Dungeon.
You visited 1 branch of the dungeon, and saw 3 of its levels.

You collected 49 gold pieces.

Inventory:

Hand Weapons
 a - a +0 whip
 b - a +1 dagger of electrocution
Armour
 i - a +0 pair of boots (worn)
Jewellery
 c - an amulet of reflection
Scrolls
 d - a scroll of brand weapon {unknown}
 e - 2 scrolls of summoning {unknown}
 h - a scroll of vulnerability {unknown}
 k - 3 scrolls of identify {unknown}
 l - a scroll of fear {unknown}
Potions
 j - a potion of magic
 m - a potion of ambrosia {unknown}


   Skills:
 - Level 3.2 Fighting
 - Level 2.6 Dodging
 - Level 1.7 Stealth
 + Level 5.3 Unarmed Combat


You had 3 spell levels left.
You didn't know any spells.
Your spell library was empty.

Dungeon Overview and Level Annotations

Branches:
Dungeon (3/15)

Altars:

Shops:
D:1 =??[


Innate Abilities, Weirdness & Mutations

Your plain brown scales are hard. (AC +5)
You cannot fit into any form of body armour.
You are cold-blooded and may be slowed by cold attacks.


Message History

You bump into the rock wall.
Something hits you but does no damage.
You bump into the rock wall.
Something hits you but does no damage.
You hit something. Your punch misses something.
You feel less confused. Something hits you but does no damage.
You closely miss something. You closely miss something. Something hits you.
* * * LOW HITPOINT WARNING * * *
You closely miss something. Something hits you but does no damage.
You closely miss something. Something hits you but does no damage.
You closely miss something.
Your tail-slap misses something.
Something hits you but does no damage.
You hit something.
You hear some strange, mumbled words.
A magic dart appears from out of thin air!
The magic dart hits you.
* * * LOW HITPOINT WARNING * * *
You barely miss something. You tail-slap something. Something hits you.
* * * LOW HITPOINT WARNING * * *
You hit something. Something hits you but does no damage.
You miss something.
Your tail-slap misses something.
You punch something.
You hear some strange, mumbled words.
A puff of flame appears from out of thin air!
The puff of flame hits you!
* * * LOW HITPOINT WARNING * * *
You miss something.
You hear some strange, mumbled words.
A puff of flame appears from out of thin air!
The puff of flame hits you.
* * * LOW HITPOINT WARNING * * *
You hit something but do no damage.
You aren't carrying any items that you can evoke.
It was a potion of cancellation.
You feel magically purged. Something hits you.
* * * LOW HITPOINT WARNING * * *
It was a potion of brilliance.
You feel clever all of a sudden. Something hits you.
* * * LOW HITPOINT WARNING * * *
It was a potion of magic.
Magic courses through your body. Something hits you.
You die...

# #.# ..# #.### #.#
# #...###.#### .#
.#####..##....##...
.................<#.
.#######.###........
#..##..#####.
##...).####
###.){@..# #.####.#
#.# .# ..# # ##..
#.# ..# ###


There were no monsters in sight!

Vanquished Creatures
  An orc wizard (D:2)
  2 adders (D:2)
  2 dart slugs (D:1)
  5 orcs
  5 endoplasms
  2 giant cockroaches (D:1)
  6 goblins
  4 hobgoblins
  2 quokkas
  A ball python (D:1)
  2 bats (D:1)
  3 frilled lizards
  6 kobolds
  2 rats
43 creatures vanquished.

Notes
Turn   | Place    | Note
-------+----------+-------------------------------------------
     0 | D:1      | pkoi the Draconian Monk began the quest for the Orb.
     0 | D:1      | Reached XP level 1. HP: 19/19 MP: 1/1
   280 | D:1      | Found Ifavyz's Magic Scroll Emporium.
   422 | D:1      | Found Cighin's Jewellery Boutique.
   496 | D:1      | Reached XP level 2. HP: 26/26 MP: 2/2
   503 | D:1      | Found Ameza's Antique Armour Shop.
  1014 | D:1      | Reached skill level 4 in Unarmed Combat
  1098 | D:1      | Reached XP level 3. HP: 31/31 MP: 3/3
  1290 | D:1      | Found Ohumaboo's Magic Scroll Shop.
  2056 | D:2      | Found a faded altar of an unknown god.
  2824 | D:2      | Reached skill level 5 in Unarmed Combat
  2824 | D:2      | Reached XP level 4. HP: 20/38 MP: 4/4
  3187 | D:3      | HP: 1/38 [something (3)]
  3188 | D:3      | Slain by an orc wizard

Illustrated notes

Levels and vault maps discovered:
D:1:      dpeg_arrival_lava_altar, layout_loops_corners, serial_shops,
          nicolae_shop_temple_entry_statues_fountains,
          nicolae_shop_advertising_works [nicolae_subvault_shop_adworks],
          shop_statue, shop
D:2:      layout_basic, shapermc_ecumenical_altar_mp_vishouse
D:3:      layout_rooms, gammafunk_temple_overflow_statue, minmay_quadrilaterals,
          uniq_sigmund, uniq_crazy_yiuf_cottage

Skill      XL: |  1  2  3 |
---------------+----------+-----
Unarmed Combat | 4 5 |  5.3
Fighting       | |  3.2
Dodging        | |  2.6
Stealth        | |  1.7

Action                   |  1- 3 |  4- 6 || total
-------------------------+-------+-------++-------
Melee: Unarmed           |    96 |    37 ||   133
       Tailslap          |    18 |     2 ||    20
       Punch             |    12 |     1 ||    13
       Dagger            |    35 |       ||    35
  Use: Potion            |       |     3 ||     3
 Stab: Sleeping          |     6 |       ||     6
Armor: Skin              |    28 |    16 ||    44
Dodge: Dodged            |    73 |     6 ||    79
